 Dungeon Crawl Stone Soup version 0.30.1-11-g7821555f0a (webtiles) character file.

Game seed: 8809139882021974324

213 Okkudo the Cleaver (level 5, -7/45 HPs)
             Began as a Hill Orc Monk on Dec 10, 2023.
             Mangled by Terence
             ... wielding a +0 flail
              (8 damage)
             ... on level 1 of the Dungeon.
             The game lasted 00:03:42 (824 turns).

Okkudo the Cleaver (Hill Orc Monk)                   Turns: 824, Time: 00:03:43

Health: -7/45      AC:  8    Str: 15 (16) XL:     5   Next: 90%
Magic:  5/5        EV: 11    Int:  9 (10) God:
Gold:   58         SH:  0    Dex: 12 (13) Spells: 4/4 levels left

rFire   . . .        a - +0 hand axe
rCold   . . .        d - orb {light}
rNeg    . . .        k - +0 ring mail
rPois   .            i - +2 helmet
rElec   .            (no cloak)
rCorr   .            (no gloves)
SInv    .            (no boots)
Will    .....        (no amulet)
Stlth   +            (no ring)
HPRegen 0.27/turn    (no ring)
MPRegen 0.09/turn

%: no passive effects
@: glowing
A: no striking features
a: no special abilities


You were on level 1 of the Dungeon.
You visited 1 branch of the dungeon, and saw 2 of its levels.

You collected 58 gold pieces.

Inventory:

Hand Weapons
 a - a +0 hand axe (weapon)
 b - a +0 club
Armour
 d - an orb of light (worn)
 i - a +2 helmet (worn)
 k - a +0 ring mail (worn)
Scrolls
 j - 3 scrolls of identify {unknown}
 l - a scroll of amnesia {unknown}
 m - a scroll of magic mapping {unknown}
Potions
 e - 3 potions of degeneration
 f - a potion of haste {unknown}
 g - a potion of lignification {unknown}
 h - a potion of might {unknown}


   Skills:
 - Level 3.6 Fighting
 * Level 8.4 Axes
 - Level 2.4 Dodging


You had 4 spell levels left.
You didn't know any spells.
Your spell library contained the following spells:

 Spells                   Type           Power      Damage    Failure   Level
 Kiss of Death            Conj/Necr      0%         2d5       63%         1
 Shock                    Conj/Air       0%         1d3       63%         1
 Confusing Touch          Hex            0%         N/A       94%         3
 Swiftness                Air            0%         N/A       94%         3
 Airstrike                Air            0%         2d(0-16)  100%        4
 Dispel Undead            Necr           0%         3d6       100%        4


Dungeon Overview and Level Annotations

Branches:
Dungeon (2/15)

Altars:

Annotations:
D:1 Terence


Message History

Terence hits you but does no damage.
You hit Terence.
Terence is moderately wounded.
Terence hits you with a +0 flail.
* * * LOW HITPOINT WARNING * * *
You hit Terence but do no damage.
Terence is moderately wounded.
Terence hits you with a +0 flail.
* * * LOW HITPOINT WARNING * * *
You hit Terence but do no damage.
Terence is moderately wounded.
Terence hits you with a +0 flail.
* * * LOW HITPOINT WARNING * * *
You hit Terence.
Terence is moderately wounded.
You hit Terence but do no damage.
Terence is moderately wounded.
Terence hits you with a +0 flail.
* * * LOW HITPOINT WARNING * * *
You hit Terence.
Terence is moderately wounded.
Terence closely misses you.
You hit Terence but do no damage.
Terence is moderately wounded.
Terence closely misses you.
You hit Terence but do no damage.
Terence is moderately wounded.
Terence closely misses you.
You hit Terence but do no damage.
Terence is moderately wounded.
Terence looks scornfully at you. Terence hits you with a +0 flail.
* * * LOW HITPOINT WARNING * * *
You barely miss Terence.
Terence is moderately wounded.
Terence closely misses you.
You hit Terence.
Terence is moderately wounded.
Terence hits you with a +0 flail!
You die...

#P.....###..#####........
#......# #.## ####.....
#†.##### #.# #...####
#..# ####.# #.#.####
##.## #.[..# ##.#..#..
#..###.#### #..##.#.#
##......# #.###.#.#
####...# ###.....#.#
#..@######.........#
#..@.......#......##
#...######.......## #...#
#.#......##
#...########.......#
###.##.....#.....#..
#.##.....#.....##.
#..'..<..'>....##.
####.....########.


You could see Terence.

Vanquished Creatures
  Sigmund (D:2)
  A dart slug (D:2)
  5 bats
  4 endoplasms (D:1)
  A giant cockroach (D:1)
  4 goblins (D:1)
  3 hobgoblins (D:1)
  2 jackals (D:2)
  3 kobolds (D:1)
  2 quokkas
  4 ball pythons
  14 frilled lizards (D:1)
  3 rats
47 creatures vanquished.

Notes
Turn   | Place    | Note
-------+----------+-------------------------------------------
     0 | D:1      | Okkudo the Hill Orc Monk began the quest for the Orb.
     0 | D:1      | Reached XP level 1. HP: 19/19 MP: 1/1
    99 | D:1      | Reached XP level 2. HP: 26/26 MP: 2/2
   158 | D:1      | Reached skill level 5 in Axes
   303 | D:1      | Reached XP level 3. HP: 31/31 MP: 3/3
   655 | D:2      | Reached skill level 6 in Axes
   690 | D:2      | Noticed Sigmund
   752 | D:2      | Killed Sigmund
   753 | D:2      | Reached skill level 8 in Axes
   753 | D:2      | Reached XP level 4. HP: 23/39 MP: 4/4
   753 | D:2      | Reached XP level 5. HP: 27/45 MP: 5/5
   773 | D:2      | Noticed Terence
   822 | D:1      | HP: 1/45 [Terence/+0 flail (3)]
   824 | D:1      | Mangled by Terence

Illustrated notes

Levels and vault maps discovered:
D:1:      minmay_arrival_checkered_box, layout_rooms, minmay_lizard_king
D:2:      layout_rooms, basic_altar, uniq_terence, uniq_sigmund

Skill      XL: |  1  2  3 |
---------------+----------+-----
Axes           | 5 8 |  8.4
Fighting       | |  3.6
Dodging        | |  2.4

Action                     |  1- 3 |  4- 6 || total
---------------------------+-------+-------++-------
  Melee: Hand axe          |   117 |    18 ||   135
    Use: Potion            |     1 |     1 ||     2
 Armour: Leather armour    |     9 |       ||     9
         Ring mail         |    33 |     5 ||    38
  Dodge: Dodged            |    81 |    16 ||    97
